 Dungeon Crawl Stone Soup version 0.30.0-13-g156ef70053 (webtiles) character file.

Game seed: 4635398708852294529

77 monsoonserge the Vexing (level 4, 0/36 HPs)
             Began as a Meteoran Hexslinger on May 18, 2023.
             Slain by an orc priest
             ... wielding a +0 club
              (4 damage)
             ... on level 3 of the Dungeon.
             The game lasted 00:06:08 (654 turns).

monsoonserge the Vexing (Meteoran Hexslinger)        Turns: 654, Time: 00:06:10

Health: 0/36       AC:  3    Str: 12    XL:     4   Next: 89%
Magic:  7/7        EV: 12    Int: 16    God:
Gold:   93         SH:  0    Dex: 14    Spells: 5/6 levels left

rFire   . . .        a - +1 sling
rCold   . . .        (no shield)
rNeg    . . .        c - +0 robe
rPois   .            (no helmet)
rElec   .            k - +0 cloak
rCorr   .            (no gloves)
SInv    .            (no boots)
Will    .....        (no amulet)
Stlth   +            (no ring)
HPRegen 0.26/turn    (no ring)
MPRegen 0.10/turn

%: no passive effects
@: glowing
A: sense surroundings 1, otherworldly, glowing, explore regen
a: no special abilities


You were on level 3 of the Dungeon.
You visited 1 branch of the dungeon, and saw 3 of its levels.

You collected 93 gold pieces.

Inventory:

Hand Weapons
 a - a +1 sling (weapon)
Missiles
 d - a throwing net
 e - 5 boomerangs
 i - 10 poisoned darts
Armour
 c - a +0 robe (worn)
 j - a +0 ring mail
 k - a +0 cloak (worn)
Scrolls
 b - 2 scrolls of poison
 f - 4 scrolls of identify {unknown}
 g - 4 scrolls of teleportation {unknown}
 h - a scroll of silence {unknown}
 l - a scroll of blinking {unknown}
 m - a scroll of vulnerability {unknown}
 p - a scroll of magic mapping {unknown}
 r - a scroll of fog {unknown}
Potions
 n - a potion of heal wounds {unknown}
 o - a potion of curing
 q - a potion of invisibility {unknown}


   Skills:
 + Level 1.9 Fighting
 + Level 3.5 Ranged Weapons
 + Level 2.8 Dodging
 + Level 1.6 Spellcasting
 + Level 4.4 Hexes


You had 5 spell levels left.
You knew the following spells:

 Your Spells              Type           Power      Damage    Failure   Level
a - Slow                  Hex            60%        N/A       3%          1

Your spell library contained the following spells:

 Spells                   Type           Power      Damage    Failure   Level
 Inner Flame              Hex/Fire       8%         N/A       26%         3
 Portal Projectile        Hex/Tloc       16%        N/A       26%         3
 Cause Fear               Hex            7%         N/A       34%         4


Dungeon Overview and Level Annotations

Branches:
Dungeon (3/15) Zot: 1114

Altars:


Innate Abilities, Weirdness & Mutations

You passively map a small area around you.
You are easily found by Zot.
You glow in the dark.
You regain HP and MP as you explore.


Message History

Deactivating autopickup; reactivate with Ctrl-A.
The orc priest closely misses you.
Fire: a) +1 sling
Press: ? - help, Q - select action, (/) - cycle Shift-Dir - straight line, f - orc priest, p - orc priest
Aim: an orc priest, wielding a +0 club and wearing a +0 leather armour (57% to hit)
You shoot a sling bullet.
The sling bullet barely misses the orc priest.
The sling bullet barely misses the orc priest.
The orc priest completely misses you.
An orc comes into view. It is wielding a +0 club.
The orc priest invokes the aid of Beogh against you.
Beogh smites you!
* * * LOW HITPOINT WARNING * * *
Sorry, you're not good enough to have a special ability.
Casting: Slow (safe; 3% risk of failure)
Confirm with . or Enter, or press ? or * to list all spells.
Okay, then.
It was a potion of curing.
You feel better.
The orc shouts!
The orc priest hits you with a +0 club.
An orc comes into view. It is wielding a +0 trident.
Fire: a) +1 sling
Press: ? - help, Q - select action, (/) - cycle Shift-Dir - straight line, f/p - orc priest
Aim: an orc priest, wielding a +0 club and wearing a +0 leather armour (57% to hit)
You shoot a sling bullet.
The sling bullet barely misses the orc priest.
The sling bullet barely misses the orc.
The sling bullet closely misses the orc priest.
The sling bullet hits the orc.
The orc is moderately wounded.
The orc priest calls down the wrath of Beogh upon you.
Pain shoots through your body!
* * * LOW HITPOINT WARNING * * *
Fire: a) +1 sling
Press: ? - help, Q - select action, (/) - cycle Shift-Dir - straight line, f - orc
Aim: an orc, wielding a +0 whip (57% to hit)
You shoot a sling bullet. The sling bullet hits the orc priest.
The orc priest is almost dead.
The orc priest hits you with a +0 club.
You die...

, , .##* ,
... , ,o. ,
o. , ###) *
#oo, #o# *
#@# , #.# *
* * #.# .#
, #.# #.#,*
#.# #.# #.#
#.#, , #.#
#.#, * #.#
#.# , ,
#.###.#####
*


You could see an orc priest and 4 orcs.

Vanquished Creatures
  An orc wizard (D:3)
  An adder (D:2)
  A dart slug (D:2)
  2 orcs (D:3)
  6 ball pythons
  An endoplasm (D:1)
  2 giant cockroaches
  4 goblins
  2 hobgoblins (D:1)
  4 jackals (D:2)
  4 kobolds
  A quokka (D:2)
  A bat (D:2)
  3 frilled lizards
  4 rats (D:1)
37 creatures vanquished.

Notes
Turn   | Place    | Note
-------+----------+-------------------------------------------
     0 | D:1      | monsoonserge the Meteoran Hexslinger began the quest for
                  | the Orb.
     0 | D:1      | Reached XP level 1. HP: 16/16 MP: 3/3
    78 | D:1      | Reached skill level 4 in Hexes
    78 | D:1      | Reached XP level 2. HP: 15/23 MP: 5/5
    97 | D:1      | Found a faded altar of an unknown god.
   333 | D:1      | Reached XP level 3. HP: 28/28 MP: 6/6
   566 | D:2      | Reached XP level 4. HP: 36/36 MP: 7/7
   654 | D:3      | Slain by an orc priest

Illustrated notes

Levels and vault maps discovered:
D:1:      minmay_arrival_hallway, layout_basic, shapermc_ecumenical_altar_venn,
          minmay_hexomino_c4
D:2:      layout_loops_ring, dk_noncrumbling_4
D:3:      layout_basic, mainiacjoe_overflow_swirl, cheibriados_altar_1,
          chequers_serial_rivers_room_b, patterned_corridor

Skill      XL: |  1  2  3  4 |
---------------+-------------+-----
Hexes          | 4 |  4.4
Ranged Weapons | 3 |  3.5
Fighting       | |  1.9
Dodging        | |  2.8
Spellcasting   | |  1.6

Action                     |  1- 3 |  4- 6 || total
---------------------------+-------+-------++-------
   Fire: Sling             |    82 |    25 ||   107
   Cast: Slow              |     3 |       ||     3
    Use: Potion            |       |     1 ||     1
 Armour: Robe              |     8 |     3 ||    11
  Dodge: Dodged            |    40 |     8 ||    48
